Map: Alcyone LE

Players

Sauces

  • Race: Zerg Zerg
  • League: Platinum
  • Spawn Location: 7:00

Subwayeatn - Winner!

  • Race: Zerg Zerg
  • League: Platinum
  • Spawn Location: 1:00

VOD

Have the link to the VOD?

Description

Time

  • Played on: Nov. 10, 2023, 1:27 p.m.
  • Length: 10:03
Show
View Real Time Build Order
Export as new Build Order

Sauces Zerg 

Build Orders: Pool First 

Get SALT Encoding   

  12  0:00  Drone  
  13  0:12  Overlord  
  13  0:16  Drone  
  14  0:34  Spawning Pool  
  13  0:37  Drone  
  13  0:41  Drone  
  15  0:46  Drone  
  16  0:56  Drone  
  17  1:06  Extractor  
  16  1:15  Hatchery  
  15  1:19  Drone  
  15  1:22  Zergling x2  
  15  1:25  Zergling x2  
  18  1:34  Drone  
  18  1:39  Queen  
  19  1:43  Zergling x2  
  22  1:54  Overlord  
  22  2:06  Overlord  
  22  2:15  Queen  
  22  2:20  Zergling x2  
  25  2:28  Zergling x4  
  27  2:31  Metabolic Boost  
  27  2:37  Queen  
  27  2:41  Zergling x2  
  25  3:22  Drone  
  25  3:23  Drone x4, Spine Crawler  
  28  3:29  Roach Warren  
  28  3:30  Drone x2, Extractor  
  28  3:38  Spine Crawler  
  26  3:49  Zergling x6  
  26  3:54  Drone x2  
  31  3:56  Drone  
  32  4:09  Evolution Chamber  
  31  4:12  Evolution Chamber  
  30  4:20  Drone  
  30  4:21  Drone x3  
  34  4:34  Zerg Missile Weapons Level 1  
  34  4:35  Roach  
  36  4:42  Drone  
  36  4:45  Lair  
  37  4:51  Drone x2  
  39  4:53  Drone  
  39  4:59  Zerg Melee Weapons Level 1  
  40  5:04  Roach  
  40  5:06  Roach  
  44  5:18  Overlord x2  
  44  5:30  Overlord  
  44  5:31  Overlord x2  
  44  5:44  Drone x2  
  44  5:46  Glial Reconstitution  
  44  5:47  Roach x2  
  52  5:50  Roach  
  52  5:54  Roach  
  54  6:03  Drone x3  
  57  6:05  Drone  
  58  6:12  Queen  
  58  6:17  Roach  
  62  6:22  Roach  
  62  6:25  Roach  
  66  6:50  Roach x4  
  71  6:57  Hatchery  
  70  7:01  Spire  
  65  7:10  Roach x4  
  57  7:27  Drone x2  
  57  7:28  Drone x2  
  61  7:32  Roach x5  
  61  7:34  Roach  
  73  7:42  Zerg Melee Weapons Level 2  
  73  7:47  Drone x3, Extractor  
  73  7:49  Extractor  
  73  7:50  Overseer  
  64  8:06  Roach x5  
  70  8:16  Mutalisk  
  70  8:18  Zergling x2  
  70  8:19  Zergling x10  
  78  8:31  Mutalisk  
  80  8:46  Queen  
  79  8:49  Mutalisk  
  81  9:05  Overlord x2  
  81  9:06  Overlord x3  
  81  9:12  Overlord  
  81  9:13  Overlord  
  81  9:24  Hatchery  
  80  9:36  Mutalisk  
  80  9:37  Mutalisk x3  
Show
View Real Time Build Order
Export as new Build Order

Subwayeatn Zerg - Winner!

Build Orders: Hatch First 

Get SALT Encoding   

  12  0:00  Drone  
  13  0:12  Overlord  
  13  0:18  Drone  
  14  0:30  Drone x2  
  14  0:34  Drone  
  17  0:55  Drone, Hatchery  
  17  1:09  Spawning Pool  
  16  1:16  Drone x2  
  16  1:18  Drone  
  19  1:28  Drone  
  20  1:39  Overlord  
  20  1:58  Queen  
  22  2:06  Queen  
  22  2:08  Zergling x4  
  26  2:12  Drone  
  26  2:13  Drone  
  28  2:29  Overlord  
  28  2:34  Queen  
  30  2:37  Spine Crawler  
  30  2:40  Spine Crawler  
  30  2:42  Zergling x8  
  31  3:17  Zergling x8  
  35  3:26  Drone  
  36  3:30  Extractor  
  36  3:31  Extractor  
  34  3:44  Drone x3  
  34  3:45  Drone x6  
  43  3:59  Evolution Chamber  
  42  4:05  Evolution Chamber  
  41  4:17  Roach Warren  
  40  4:30  Drone x4  
  44  4:46  Overlord  
  44  4:49  Overlord  
  44  4:52  Overlord  
  44  4:55  Zerg Missile Weapons Level 1  
  44  5:03  Queen  
  44  5:04  Lair  
  44  5:05  Drone x6  
  52  5:16  Drone x3  
  55  5:24  Drone x2  
  57  5:30  Drone  
  57  5:32  Zerg Ground Armor Level 1  
  58  5:41  Extractor  
  57  5:51  Drone  
  58  6:01  Glial Reconstitution  
  58  6:04  Overlord  
  58  6:07  Overlord  
  58  6:18  Overlord  
  58  6:23  Roach  
  58  6:24  Roach x8  
  76  6:36  Roach x4  
  84  6:49  Overlord  
  81  7:02  Roach  
  81  7:03  Overlord  
  78  7:30  Roach  
  78  7:31  Roach x10  
  100  7:37  Metabolic Boost  
  100  7:41  Hatchery  
  100  7:43  Overseer  
  99  7:45  Extractor  
  95  8:04  Roach  
  95  8:05  Roach x2  
  91  8:17  Burrow  
  91  8:28  Roach x4  
  91  8:33  Drone  
  100  8:34  Overlord  
  100  8:35  Extractor, Overlord x3  
  93  8:55  Spore Crawler x2  
  93  8:56  Spore Crawler  
  93  9:01  Spore Crawler  
  89  9:07  Spore Crawler, Roach  
  89  9:08  Spore Crawler, Roach x13  
  89  9:09  Spore Crawler  
  114  9:12  Spore Crawler  
  114  9:14  Queen  
  114  9:15  Spore Crawler  
  116  9:17  Drone x6  
  120  9:34  Overlord x3  
Tags
 
Add a new tag
Caveats
  • Supply blocks, unpowered buildings, or Contaminate may cause inaccurate times.
  • Supply counts are checked every 10 seconds.